 Dungeon Crawl Stone Soup version 0.21.1-1-g345015f (console) character file.

333 toffzen the Insei (level 6, -9/32 HPs)
             Began as a Vine Stalker Transmuter on May 25, 2018.
             Was an Initiate of Cheibriados.
             Mangled by Rekenzichi's ghost (11 damage)
             ... on level 4 of the Dungeon.
             The game lasted 00:16:34 (4037 turns).

toffzen the Insei (Vine Stalker Transmuter)         Turns: 4037, Time: 00:16:40

Health: -9/32      AC:  3    Str: 14    XL:     6   Next: 52%
Magic:  0/10       EV: 12    Int: 16    God:    Cheibriados [......]
Gold:   215        SH:  0    Dex: 15    Spells: 3/9 levels left

rFire    . . .     SeeInvis .     - Unarmed
rCold    . . .     Gourm    .   (no shield)
rNeg     . . .     Faith    .   b - +0 robe
rPois    .         Spirit   +   (no helmet)
rElec    .         Reflect  .   (no cloak)
rCorr    .         Harm     .   l - +0 pair of gloves
MR       .....                  (boots currently unavailable)
Stlth    +.........             (no amulet)
HPRegen  0.50/turn              (no ring)
MPRegen  0.12/turn              (no ring)

@: appendage (expiring), very slow
A: fangs 2, talons 3, regeneration 1, magic shield, antimagic bite, no potion
heal 3, rot immunity
a: End Transformation, Bend Time, Renounce Religion


You were on level 4 of the Dungeon.
You worshipped Cheibriados.
Cheibriados was noncommittal.
You were not hungry.
You had grown temporary talons.
You visited 1 branch of the dungeon, and saw 5 of its levels.

You collected 215 gold pieces.

Inventory:

Hand Weapons
 k - a +0 hunting sling
Missiles
 a - 77 arrows
 j - 106 stones (quivered)
Armour
 b - a +0 robe (worn)
 l - a +0 pair of gloves (worn)
 r - a cursed +0 leather armour
Scrolls
 f - 2 scrolls of immolation
 h - 3 scrolls of identify
 i - a scroll of enchant weapon {unknown}
 m - a scroll of blinking {unknown}
 n - a scroll of amnesia
 o - a scroll of noise {unknown}
 p - a scroll of teleportation {unknown}
 q - a scroll of fear
 s - a scroll of magic mapping {unknown}
 u - a scroll of remove curse {unknown}
Potions
 e - 4 potions of lignification
 t - a potion of brilliance {unknown}
Books
 c - a book of Changes

   Spells                             Type                      Level
   a - Beastly Appendage              Transmutation                1
   b - Sticks to Snakes               Transmutation                2
   c - Spider Form                    Transmutation/Poison         3
   d - Ice Form                       Ice/Transmutation            4
   e - Blade Hands                    Transmutation                5
Comestibles
 d - 4 rations
 g - 12 chunks of flesh


   Skills:
 + Level 3.2 Fighting
 - Level 1.5 Dodging
 * Level 5.9 Unarmed Combat
 - Level 2.1 Spellcasting
 * Level 2.4 Transmutations


You had 3 spell levels left.
You knew the following spells:

 Your Spells              Type           Power        Failure   Level  Hunger
a - Beastly Appendage     Tmut           #.....       8%          1    #......
b - Sticks to Snakes      Tmut           #.......     11%         2    ###....
c - Spider Form           Tmut/Pois      #.........   36%         3    ###....


Dungeon Overview and Level Annotations

Branches:
Dungeon (5/15)
 Temple: D:4-7

Altars:
Cheibriados
Hepliaklqana
Makhleb
Vehumet
The Shining One

Annotations:
D:4 Rekenzichi's ghost, amateur KoEE
D:5 kalagan's ghost, amateur DESu


Innate Abilities, Weirdness & Mutations

You have extremely sharp teeth.
Your natural rate of healing is unusually fast.
When hurt, damage is shared between your health and your magic reserves.
Your bite disrupts and absorbs the magic of your enemies.
Potions cannot restore your health.
You are immune to rotting.
You have claws for feet.


Message History

Your ball python bites Rekenzichi's ghost but does no damage.
As you read the scroll labeled BENU REREA, it crumbles to dust.
It is a scroll of identify.
f - 2 scrolls of immolation Your ball python misses Rekenzichi's ghost.
As you read the scroll labeled DAFRAV YFISU, it crumbles to dust.
It is a scroll of amnesia.
Okay, then.
Rekenzichi's ghost hits you.
You are electrocuted!
* * * LOW HITPOINT WARNING * * *
Unknown command.
Unknown command.
As you read the scroll labeled ILURCHO JUAC, it crumbles to dust.
You assume a fearsome visage.
Rekenzichi's ghost is unaffected.
It was a scroll of fear.
Your transformation is almost over.
Your ball python misses Rekenzichi's ghost.
Rekenzichi's ghost hits you but does no damage.
You are electrocuted!
You die...

#.............# #...........
#.............# #...........
###.............############.....
.................................
####...#####....########.###.....
##### #.....................
#############...########'###.....
.................WS.......##.....
###.....#.......@#........#######
#.....#.....)..#..W.....# #
#.....#.....##.####.##.## #
###.....#.....##.# #..#.# #
.................# ##.#.# #
###........####### #.#.# #
#........# ### #.#.# # #........#
##.## #.#.# # ###........#
##...###.#.# #


You could see Rekenzichi's ghost and a friendly ball python.

Vanquished Creatures
  A hound (D:4)
  A centaur skeleton (D:2)
  An orc priest (D:4)
  2 orc wizards (D:4)
  2 worker ants (D:4)
  6 adders
  4 dart slugs
  4 leopard geckos
  2 orcs (D:4)
  A ball python (D:1)
  3 giant cockroaches
  7 goblins
  4 hobgoblins
  2 jackals (D:1)
  3 kobolds
  A quokka (D:3)
  6 bats
  6 frilled lizards
  A leopard gecko skeleton (D:4)
  5 rats
62 creatures vanquished.

Vanquished Creatures (collateral kills)
  An orc priest (D:4)
  A worm (D:3)
  An orc (D:4)
3 creatures vanquished.

Vanquished Creatures (others)
  A goblin (D:1)
1 creature vanquished.

Grand Total: 66 creatures vanquished

Notes
Turn   | Place    | Note
-------+----------+-------------------------------------------
     0 | D:1      | toffzen the Vine Stalker Transmuter began the quest for the Orb.
     0 | D:1      | Reached XP level 1. HP: 9/9 MP: 4/4
    20 | D:1      | Reached skill level 1 in Fighting
   409 | D:1      | Reached XP level 2. HP: 13/14 MP: 6/6
   413 | D:1      | Learned a level 2 spell: Sticks to Snakes
   843 | D:1      | Reached XP level 3. HP: 18/18 MP: 5/7
  1284 | D:2      | Reached skill level 4 in Unarmed Combat
  1315 | D:2      | HP: 1/27 [poisoned by an adder]
  1659 | D:2      | Found a hazy altar of Hepliaklqana.
  1782 | D:2      | Gained mutation: Your natural rate of healing is unusually fast. [Vine Stalker growth]
  1782 | D:2      | Reached XP level 4. HP: 21/23 MP: 4/8
  2157 | D:2      | You fall through a shaft for 2 floors!
  2315 | D:4      | Found a glowing golden altar of the Shining One.
  2527 | D:2      | Found a radiant altar of Vehumet.
  2806 | D:3      | Learned a level 3 spell: Spider Form
  2947 | D:3      | Reached XP level 5. HP: 27/27 MP: 5/9
  3187 | D:3      | Reached skill level 5 in Unarmed Combat
  3408 | D:3      | Found a snail-covered altar of Cheibriados.
  3420 | D:3      | Became a worshipper of Cheibriados the Contemplative
  3637 | D:4      | Reached XP level 6. HP: 32/32 MP: 10/10
  3803 | D:4      | Found a burning altar of Makhleb.
  3997 | D:5      | Entered Level 5 of the Dungeon
  3997 | D:5      | Noticed kalagan's ghost (amateur DESu)
  4022 | D:4      | Noticed Rekenzichi's ghost (amateur KoEE)
  4036 | D:4      | HP: 1/32 [Rekenzichi's ghost (10)]
  4037 | D:4      | Mangled by Rekenzichi's ghost

Skill      XL: |  1  2  3  4  5  6 |
---------------+-------------------+-----
Fighting       | 1 2 3 |  3.2
Unarmed Combat | 4 5 |  5.9
Dodging        | |  1.5
Spellcasting   | |  2.1
Transmutations | |  2.4

Action                   |  1- 3 |  4- 6 || total
-------------------------+-------+-------++-------
Melee: Unarmed           |    96 |   105 ||   201
       Bite              |    20 |    32 ||    52
       Kick              |     8 |    10 ||    18
       Punch             |     1 |     1 ||     2
       Headbutt          |     2 |     7 ||     9
Throw: Stone             |       |     1 ||     1
 Cast: Beastly Appendage |    17 |    16 ||    33
       Sticks to Snakes  |     3 |     9 ||    12
  Use: Potion            |     3 |       ||     3
       Scroll            |     1 |     3 ||     4
 Stab: Sleeping          |     1 |       ||     1
  Eat: Chunk             |     2 |     3 ||     5
       Ration            |     1 |     1 ||     2
Armor: Robe              |    14 |    20 ||    34
Dodge: Dodged            |    62 |    61 ||   123
